 Dungeon Crawl Stone Soup version 0.23.2-11-gf996548c65 (webtiles) character file.

Game seed: 15243259373266427565

981 MalarOregon the Ruffian (level 8, 0/66 HPs)
             Began as a Ghoul Warper on June 5, 2019.
             Slain by an ice beast (3 damage)
             ... on level 4 of the Dungeon.
             The game lasted 00:18:45 (5399 turns).

MalarOregon the Ruffian (Ghoul Warper)              Turns: 5399, Time: 00:18:46

Health: 0/66       AC:  4    Str: 11    XL:     8   Next: 17%
Magic:  6/10       EV: 12    Int: 12    God:
Gold:   176        SH:  0    Dex:  9    Spells: 7/11 levels left

rFire    . . .     SeeInvis .     - Unarmed
rCold    + . .     Gourm    .   (no shield)
rNeg     + + +     Faith    .   a - +0 leather armour
rPois    ∞         Spirit   .   (no helmet)
rElec    .         Reflect  .   (no cloak)
rCorr    .         Harm     .   j - +0 pair of gloves "Wolaiwn" {Str-4 Int+3} (curse)
MR       .....                  (no boots)
Stlth    ++........             (no amulet)
HPRegen  0.00/turn              (no ring)
MPRegen  0.12/turn              (no ring)

@: very slightly contaminated, rotting
A: rotting body, claws 1, carnivore, cold resistance 1, negative energy
resistance 3, inhibited regeneration, torment resistance, unbreathing
a: no special abilities


You were on level 4 of the Dungeon.
You were not hungry.

You visited 1 branch of the dungeon, and saw 5 of its levels.

You collected 176 gold pieces.

Inventory:

Missiles
 d - 4 tomahawks of dispersal (quivered) {!f}
 i - 62 stones
 k - 46 arrows
 l - 11 poisoned needles
 q - 8 poisoned tomahawks
Armour
 a - a +0 leather armour (worn)
 j - the cursed +0 pair of gloves "Wolaiwn" (worn) {Str-4 Int+3}
   (You found it on level 4 of the Dungeon)

   It affects your strength (-4).
   It affects your intelligence (+3).
   It has a curse placed upon it.
Wands
 t - a wand of clouds (1)
   (You found it on level 4 of the Dungeon)
Scrolls
 b - a scroll of remove curse {@r2}
 c - a scroll of blinking
 o - a scroll of amnesia {unknown}
 u - a scroll of fear {unknown}
Potions
 f - a potion of resistance
 h - a potion of might
 m - 2 potions of curing {@q1}
 n - a potion of haste {unknown}
 p - a potion of berserk rage {unknown}
 r - a potion of flight {unknown}
 s - a potion of agility
 v - a potion of lignification {unknown}
Comestibles
 e - 5 rations {!d}


   Skills:
 + Level 4.1 Fighting
 + Level 3.1 Throwing
 + Level 3.1 Armour
 + Level 3.4 Dodging
 + Level 3.6 Stealth
 * Level 5.3 Unarmed Combat
 - Level 2.0 Spellcasting
 + Level 0.7 Charms
 + Level 2.9 Translocations
 + Level 0.8 Evocations


You had 7 spell levels left.
You knew the following spells:

 Your Spells              Type           Power        Failure   Level  Hunger
b - Blink                 Tloc           N/A          16%         2    ###....
q - Shroud of Golubria    Chrm/Tloc      #.........   24%         2    ###....

Your spell library contained the following spells:

 Spells                   Type           Power        Failure   Level  Hunger
 Gell's Gravitas          Tloc           #.........   30%         3    ####...
 Lesser Beckoning         Tloc           #.........   30%         3    ####...
 Teleport Other           Tloc           #.......     30%         3    ####...
 Passage of Golubria      Tloc           N/A          71%         4    #####..


Dungeon Overview and Level Annotations

Branches:
Dungeon (5/15)
 Temple: D:4-7

Altars:
Cheibriados
Elyvilon
Xom
Beogh


Innate Abilities, Weirdness & Mutations

Your body is rotting away.
You thrive on raw meat.
You are immune to poison.
You have sharp fingernails.
You are carnivorous and can eat meat at any time.
Your flesh is cold resistant. (rC+)
You are immune to negative energy. (rN+++)
You do not regenerate when monsters are visible.
You are immune to unholy pain and torment.
You can survive without breathing.


Message History

The ice beast freezes you. You resist.
* * * LOW HITPOINT WARNING * * *
Items here: % )) [[ ÷ † You butcher the adder corpse.
The ice beast closely misses you.
Items here: %% )) [[ ÷÷ There isn't anything to butcher here.
Eat a chunk of flesh? (ye/n/q)
You eat the chunk of flesh.
This raw flesh tastes great!
The ice beast barely misses you.
Eat a chunk of flesh? (ye/n/q)
You eat the chunk of flesh.
This raw flesh tastes great!
The ice beast closely misses you.
Okay, then.
You hit the ice beast. The ice beast hits you.
* * * LOW HITPOINT WARNING * * *
The ice beast freezes you. You resist.
* * * LOW HITPOINT WARNING * * *
You hit the ice beast but do no damage. You punch the ice beast.
You barely miss the ice beast. The ice beast hits you.
* * * LOW HITPOINT WARNING * * *
The ice beast freezes you. You resist.
* * * LOW HITPOINT WARNING * * *
You hit the ice beast but do no damage.
The ice beast hits you but does no damage.
You hit the ice beast but do no damage. The ice beast closely misses you.
You hit the ice beast. The ice beast barely misses you.
You hit the ice beast. The ice beast misses you.
You hit the ice beast. The ice beast hits you.
* * * LOW HITPOINT WARNING * * *
The ice beast freezes you. You resist.
* * * LOW HITPOINT WARNING * * *
You hit the ice beast.
The ice beast hits you but does no damage.
Okay, then.
Blink to where?
Okay, then.
You blink.
Okay, then.
Okay, then.
Throwing (i - inventory. (/) - cycle)
d - 5 tomahawks of dispersal (quivered)
{!f}
Aim: an ice beast (translocational energy, almost dead) Really fire
d - 5 tomahawks of dispersal {!f}?
You throw a tomahawk of dispersal {!f}.
The tomahawk of dispersal {!f} completely misses the ice beast.
You miscast Blink.
You are very lightly contaminated with residual magic.
Nothing appears to happen.
The ice beast hits you.
* * * LOW HITPOINT WARNING * * *
The ice beast freezes you. You resist.
You die...

#.# #.# #.# #.#
#.########.## #
#...........# #
######.###..#
##.!...##......[>#..# #
.....8######.#)#..###
.....# #.#Y#....# # 8...8
#.#@...#.# # ##>##
######.#.####.# #######
#.............# .#...#
#.####.#.######
.#..#####.# #.#.#########
.#.....[#.# #.......^...#
.#...##.#.######.#######.#
.#.#....#.....##.# #.#
.#.#..........+..# #.#


You could see an ice beast.

Vanquished Creatures
  Grinder (D:3)
  A bullfrog (D:2)
  A howler monkey (D:3)
  5 crimson imps
  5 orc priests
  4 orc wizards
  Ijyb (D:3)
  An iguana (D:4)
  A hound skeleton (D:4)
  6 adders
  6 oozes
  3 dart slugs
  2 leopard geckos (D:3)
  15 orcs
  8 bats
  4 giant cockroaches
  6 goblins
  12 hobgoblins
  7 jackals
  6 kobolds
  A quokka (D:4)
  4 ball pythons
  5 frilled lizards
  11 rats
116 creatures vanquished.

Vanquished Creatures (others)
  An orc (D:4)
1 creature vanquished.

Grand Total: 117 creatures vanquished

Notes
Turn   | Place    | Note
-------+----------+-------------------------------------------
     0 | D:1      | MalarOregon the Ghoul Warper began the quest for the Orb.
     0 | D:1      | Reached XP level 1. HP: 17/17 MP: 2/2
    29 | D:1      | Reached skill level 1 in Throwing
    29 | D:1      | Reached skill level 1 in Armour
    97 | D:1      | Reached XP level 2. HP: 23/24 MP: 3/3
   419 | D:1      | Reached skill level 1 in Stealth
   419 | D:1      | Reached XP level 3. HP: 27/30 MP: 4/4
  1170 | D:2      | Reached XP level 4. HP: 36/37 MP: 6/6
  1589 | D:2      | Reached skill level 3 in Unarmed Combat
  1589 | D:2      | Reached XP level 5. HP: 36/44 MP: 7/7
  1828 | D:3      | Noticed Ijyb
  1846 | D:3      | Noticed Grinder
  1847 | D:3      | Paralysed by Grinder for 3 turns
  1857 | D:3      | Paralysed by Grinder for 2 turns
  2122 | D:2      | Reached XP level 6. HP: 17/51 MP: 8/8
  2554 | D:3      | Found a snail-covered altar of Cheibriados.
  2832 | D:3      | Found a shimmering altar of Xom.
  2868 | D:3      | Reached skill level 4 in Unarmed Combat
  3270 | D:3      | Paralysed by Grinder for 4 turns
  3327 | D:3      | Killed Grinder
  3327 | D:3      | Reached XP level 7. HP: 51/58 MP: 9/9
  3368 | D:3      | Killed Ijyb
  3595 | D:4      | Found a white marble altar of Elyvilon.
  3927 | D:4      | Reached skill level 5 in Unarmed Combat
  4084 | D:4      | Got a pair of spiked gloves
  4090 | D:4      | Identified the cursed +0 pair of gloves "Wolaiwn" {Str-4
                  | Int+3} (You found it on level 4 of the Dungeon)
  4108 | D:4      | Learned a level 2 spell: Blink
  4111 | D:4      | Learned a level 2 spell: Shroud of Golubria
  4381 | D:3      | HP: 1/58 [orc wizard/puff of frost (3)]
  5044 | D:4      | Reached XP level 8. HP: 66/66 MP: 10/10
  5080 | D:4      | Found a roughly hewn altar of Beogh.
  5216 | D:5      | Entered Level 5 of the Dungeon
  5399 | D:4      | HP: 3/66 [ice beast (1)]
  5399 | D:4      | Slain by an ice beast

Skill      XL: |  1  2  3  4  5  6  7 |
---------------+----------------------+-----
Throwing       | 1 2 3 |  3.1
Armour         | 1 2 3 |  3.1
Dodging        | 2 3 |  3.4
Stealth        | 1 2 3 |  3.6
Spellcasting   | 2 |  2.0
Unarmed Combat | 3 4 5 |  5.3
Fighting       | 3 4 |  4.1
Charms         | |  0.7
Translocations | |  2.9
Evocations     | |  0.8

Action                   |  1- 3 |  4- 6 |  7- 9 || total
-------------------------+-------+-------+-------++-------
Melee: Unarmed           |   118 |   199 |   160 ||   477
       Punch             |       |     4 |     2 ||     6
Throw: Stone             |    74 |   137 |    69 ||   280
       Tomahawk          |       |       |     2 ||     2
 Cast: Blink             |       |       |     1 ||     1
Evoke: Wand              |       |       |     1 ||     1
  Use: Scroll            |     2 |     1 |     2 ||     5
       Potion            |     1 |       |       ||     1
  Eat: Chunk             |    17 |     4 |     9 ||    30
Armor: Leather armour    |    25 |    33 |    31 ||    89
Dodge: Dodged            |    59 |   108 |    88 ||   255
